 Dungeon Crawl Stone Soup version 0.17-a0-1882-g750edc8 (webtiles) character file.

560 Grim the Archer (level 7, 52/52 HPs)
             Began as a Centaur Arcane Marksman on Sept 22, 2015.
             Quit the game on level 4 of the Dungeon on Sept 23, 2015.
             The game lasted 00:30:48 (5623 turns).

Grim the Archer (Centaur Arcane Marksman)           Turns: 5623, Time: 00:30:48

Health: 52/52      AC:  5    Str: 14    XL:     7   Next: 9%
Magic:  8/8        EV: 12    Int: 12    God:
Gold:   192        SH:  0    Dex: 10    Spells: 2 memorised, 5 levels left

rFire  . . .     SeeInvis .     a - +2 shortbow
rCold  . . .     Clarity  .     c - +0 robe
rNeg   . . .     SustAt   .     (no shield)
rPois  .         Gourm    .     n - +0 helmet
rElec  .         Spirit   .     (no cloak)
rCorr  .         Warding  .     (no gloves)
rMut   .         Stasis   .     (no barding)
MR     .....                    (no amulet)
Stlth  +.........               (no ring)
                                k - +3 ring of evasion

@: very quick, not resistant to hostile enchantments, very unstealthy
A: hooves 3, deformed body, speed 2, tough skin 3
a: no special abilities


You were on level 4 of the Dungeon.
You were not hungry.

You visited 1 branch of the dungeon, and saw 4 of its levels.

You collected 192 gold pieces.

Inventory:

Hand weapons
 a - a +2 shortbow (weapon)
Missiles
 b - 13 arrows (quivered)
Armour
 c - a +0 robe (worn)
 n - a +0 helmet (worn)
Jewellery
 k - a +3 ring of evasion (left hand)
Scrolls
 e - 9 scrolls of identify
 f - 4 scrolls of magic mapping
 h - a scroll of immolation {unknown}
 j - 10 scrolls of remove curse
 m - 2 scrolls of teleportation {unknown}
 p - a scroll of enchant armour {unknown}
 q - a scroll of amnesia {unknown}
 w - a scroll of recharging {unknown}
Potions
 g - a potion of invisibility
 i - 3 potions of heal wounds
 l - 2 potions of mutation {!q}
 t - 2 potions of lignification {unknown}
 u - a potion of flight {unknown}
 x - a potion of ambrosia {unknown}
Books
 d - a book of Debilitation

   Spells                             Type                      Level
   a - Corona                         Hexes                        1
   b - Slow                           Hexes                        2
   c - Gell's Gravitas                Hexes/Translocation          3
   d - Inner Flame                    Hexes/Fire                   3
   e - Cause Fear                     Hexes                        4
   f - Leda's Liquefaction            Hexes/Earth                  4
Comestibles
 o - a meat ration
 r - a bread ration
 s - 5 chunks of flesh
 v - 3 fruits


   Skills:
 - Level 1.0 Fighting
 * Level 8.6 Bows
 - Level 1.3 Dodging
 - Level 1.0 Spellcasting
 + Level 4.7 Hexes


You had 5 spell levels left.
You knew the following spells:

 Your Spells              Type           Power        Failure   Level  Hunger
a - Corona                Hex            ##.....      4%          1    ##.....
b - Slow                  Hex            ##......     8%          2    ###....


Dungeon Overview and Level Annotations

Branches:
Dungeon (4/15)
 Temple: D:4-7

Altars:
Dithmenos
Nemelex Xobeh


Innate Abilities, Weirdness & Mutations

You have hooves in place of feet.
Armour fits poorly on your strangely shaped body.
You cover ground very quickly.
You have extremely tough skin (AC +3).


Message History

Aim: a hobgoblin, wielding a club (chance to defeat MR: 83%)
The hobgoblin is outlined in light.
Firing (i - inventory):
b - 13 arrows (quivered)
Press: ? - help, Shift-Dir - straight line, f/p - hobgoblin
Aim: a hobgoblin, wielding a club (softly glowing)
You shoot an arrow. The arrow hits the hobgoblin!
You kill the hobgoblin!
b - 13 arrows (gained 1)
Things that are here:
a club; a hobgoblin corpse You butcher the hobgoblin corpse.
You are feeling hungry.
s - 6 chunks of flesh (gained 3)
You see here a club.
Eating one of 6 chunks of flesh.
j - 10 scrolls of remove curse (gained 2)
You now have 184 gold pieces (gained 5).
You now have 192 gold pieces (gained 8).
x - a bubbling brown potion Are you sure you want to abandon this character and quit the game? (Confirm with "yes".)

**,,,** *.# *,,,,,* *.##
##****_***####..### #.##****
*.......* #...########..#.#,*
** #........#......#,* ,*
#........#.#..###,* ,*
#........#.#..###.# .#
#............@....# .#
#.......##.########
.###.......##.#
..##.##.##.##.#
..##........#.#
..##..#(....#.#######
..##..####..#.#....<#
..............#.###.#########
..##..........#.#
#.........#####


There were no monsters in sight!

Vanquished Creatures
  An ogre (D:4)
  3 scorpions
  A jelly (D:4)
  An orc priest (D:4)
  3 hounds (D:4)
  An iguana (D:4)
  7 adders
  2 worms
  8 orcs
  A giant cockroach (D:2)
  11 goblins
  6 hobgoblins
  4 jackals (D:3)
  7 kobolds
  3 quokkas
  6 bats
  5 giant geckos
  2 giant newts (D:3)
  5 rats
77 creatures vanquished.

Notes
Turn   | Place    | Note
--------------------------------------------------------------
     0 | D:1      | Grim the Centaur Arcane Marksman began the quest for the Orb.
     0 | D:1      | Reached XP level 1. HP: 16/16 MP: 2/2
   288 | D:1      | Reached skill level 3 in Bows
   446 | D:1      | Reached XP level 2. HP: 23/23 MP: 0/3
  1188 | D:1      | Noticed a scorpion
  1469 | D:1      | Killed a scorpion
  1469 | D:1      | Reached skill level 4 in Bows
  1469 | D:1      | Reached XP level 3. HP: 24/28 MP: 2/4
  1740 | D:2      | Reached XP level 4. HP: 30/35 MP: 3/5
  1848 | D:2      | Reached skill level 5 in Bows
  2397 | D:2      | Found a sparkling altar of Nemelex Xobeh.
  2850 | D:2      | Learned a level 2 spell: Slow
  2973 | D:3      | Reached XP level 5. HP: 40/40 MP: 6/6
  3635 | D:4      | Reached skill level 6 in Bows
  4388 | D:4      | Found a shadowy altar of Dithmenos.
  4409 | D:4      | Noticed an ogre
  4626 | D:4      | Killed an ogre
  4626 | D:4      | Reached skill level 7 in Bows
  4626 | D:4      | Reached XP level 6. HP: 47/47 MP: 2/7
  5120 | D:4      | Reached skill level 8 in Bows
  5291 | D:4      | Reached XP level 7. HP: 22/52 MP: 2/8
  5623 | D:4      | Quit the game

Vault maps used:
D:1:      dpeg_arrival_solitude, hangedman_glass_teeth
D:2:      nemelex_deck, first_bread, kennysheep_nub, kennysheep_generic_room_16
D:3:      serial_bayou_lake_a
D:4:      nicolae_overflow_crystal_walls, tso_altar

Action                   |  1- 3 |  4- 6 |  7- 9 || total
-------------------------+-------+-------+-------++-------
 Fire: Shortbow          |    55 |   222 |    14 ||   291
 Cast: Corona            |    30 |    92 |     5 ||   127
       Slow              |       |    12 |     2 ||    14
  Use: Scroll            |       |     7 |       ||     7
  Eat: Bread ration      |     1 |       |       ||     1
       Chunk             |       |     7 |     2 ||     9
       Meat ration       |       |     1 |       ||     1
